[Event "ICC tourney 1924 (15 5)"]
[Site "Internet Chess Club"]
[Date "2020.07.17"]
[Round "7"]
[White "vihar"]
[Black "nihas204"]
[Result "0-1"]
[ICCResult "White checkmated"]
[WhiteElo "1448"]
[BlackElo "1347"]
[Opening "Giuoco Piano"]
[ECO "C50"]
[NIC "IG.02"]
[Time "18:01:55"]
[TimeControl "900+5"]

1. e4 e5 2. Nf3 Nc6 3. Bc4 Bc5 4. Nc3 d6 5. O-O Nf6 6. d3 Bg4 7. Bg5 Nd4 8.
Bxf6 Qxf6 9. Nd5 Qd8 10. c3 Nxf3+ 11. gxf3 Bh3 12. Re1 Qg5+ 13. Kh1 Qg2#
{White checkmated}
0-1

[Event "ICC tourney 1924 (15 5)"]
[Site "Internet Chess Club"]
[Date "2020.07.17"]
[Round "7"]
[White "mxkuo"]
[Black "dhavansai"]
[Result "0-1"]
[ICCResult "White checkmated"]
[WhiteElo "766"]
[BlackElo "1146"]
[Opening "Two knights defense"]
[ECO "C57"]
[NIC "KP.01"]
[Time "18:01:55"]
[TimeControl "900+5"]

1. e4 e5 2. Nf3 Nc6 3. Bc4 Nf6 4. Ng5 d5 5. exd5 Nxd5 6. Bxd5 Qxd5 7. Nc3
Qd7 8. O-O Bb4 9. d3 Bxc3 10. bxc3 f6 11. Nf3 O-O 12. Qe2 b6 13. Nh4 Bb7 14.
Qg4 Qxg4 15. h3 Qxh4 16. Kh2 e4 17. dxe4 Qxe4 18. Re1 Qxe1 19. c4 Nb4 20. a3
Qxf2 21. axb4 Qxg2# {White checkmated} 0-1

[Event "ICC tourney 1924 (15 5)"]
[Site "Internet Chess Club"]
[Date "2020.07.17"]
[Round "7"]
[White "trdnjava7"]
[Black "RoPac"]
[Result "0-1"]
[ICCResult "White resigns"]
[WhiteElo "1367"]
[BlackElo "1425"]
[Opening "Ruy Lopez: four knights (Tarrasch) variation"]
[ECO "C48"]
[NIC "KP.03"]
[Time "18:01:37"]
[TimeControl "900+5"]

1. e4 e5 2. Nf3 Nc6 3. Nc3 Nf6 4. Bb5 a6 5. Ba4 b5 6. Bb3 Bc5 7. d3 O-O 8.
O-O d6 9. Be3 Bxe3 10. fxe3 Be6 11. Bxe6 fxe6 12. d4 exd4 13. exd4 d5 14. e5
Nd7 15. Qd2 Qe7 16. Rae1 Rab8 17. a3 Na5 18. b4 Nc4 19. Qg5 Qxg5 20. Nxg5
Rxf1+ 21. Rxf1 Rf8 22. Nxe6 Rxf1+ 23. Kxf1 c6 24. a4 bxa4 25. Nxa4 Ne3+ 26.
Ke2 Nxc2 27. Nac5 Nxc5 28. Nxc5 Nxb4 29. e6 Kf8 30. Kd2 Ke7 31. Kc3 a5 32.
Kb3 Kf6 33. Ka4 Nc2 34. Kxa5 Nxd4 35. Kb6 Ke7 36. Kc7 Nxe6+ 37. Kxc6 Nxc5
38. Kxc5 Ke6 39. Kd4 Kd6 40. g4 g6 41. h4 h6 42. g5 h5 43. Ke3 Ke5 44. Kd3
d4 45. Ke2 Ke4 46. Kd2 d3 47. Ke1 Ke3 48. Kd1 d2 {White resigns} 0-1

[Event "ICC tourney 1924 (15 5)"]
[Site "Internet Chess Club"]
[Date "2020.07.17"]
[Round "7"]
[White "dmenon25"]
[Black "LucSinton"]
[Result "0-1"]
[ICCResult "White checkmated"]
[WhiteElo "1192"]
[BlackElo "1271"]
[Opening "Scotch gambit"]
[ECO "C44"]
[NIC "SO.06"]
[Time "18:01:03"]
[TimeControl "900+5"]

1. e4 e5 2. Nf3 Nc6 3. d4 exd4 4. Bc4 Bc5 5. Bf4 Nf6 6. Nbd2 d5 7. e5 dxc4
8. exf6 Qxf6 9. Bxc7 c3 10. Ne4 Qe7 11. Bf4 cxb2 12. Rb1 Qxe4+ 13. Qe2 Bb4+
14. Kf1 Qxe2+ 15. Kxe2 Ba3 16. Rhd1 Be6 17. Nxd4 Nxd4+ 18. Rxd4 Rd8 19.
Rxd8+ Kxd8 20. Rd1+ Ke8 21. Kd3 Ke7 22. Kc3 Rd8 23. Bd2 Bxa2 24. Bg5+ f6 25.
Bd2 b1=N+ 26. Rxb1 Bxb1 27. Kb3 Rxd2 28. Kxa3 Rxf2 29. Kb4 Rxg2 30. Kc5 Rxh2
31. Kd5 g5 32. Ke4 g4 33. Ke3 g3 34. Kf3 g2 35. Kf2 h5 36. Kg1 Rh4 37. Kxg2
a5 38. c4 a4 39. Kg3 Rxc4 40. Kf2 a3 41. Ke1 a2 42. Kd1 a1=Q 43. Ke2 Qa3 44.
Kd2 Rc3 45. Ke2 Qb2+ 46. Kd1 Rc1# {White checkmated} 0-1

[Event "ICC tourney 1924 (15 5)"]
[Site "Internet Chess Club"]
[Date "2020.07.17"]
[Round "7"]
[White "Tanvi02"]
[Black "JaithD"]
[Result "1-0"]
[ICCResult "Black checkmated"]
[WhiteElo "1645"]
[BlackElo "1467"]
[Opening "Three knights: Steinitz variation"]
[ECO "C46"]
[NIC "KP.06"]
[Time "18:01:55"]
[TimeControl "900+5"]

1. e4 e5 2. Nf3 Nc6 3. Nc3 g6 4. d4 d6 5. dxe5 dxe5 6. Qxd8+ Nxd8 7. Nxe5
Nc6 8. Bb5 Nf6 9. Nxc6 bxc6 10. Bxc6+ Bd7 11. Bxa8 Bg7 12. Bg5 O-O 13. Bxf6
Bxf6 14. Bd5 c6 15. Bb3 Bc8 16. O-O Ba6 17. Rfe1 c5 18. e5 Bg5 19. Ne4 Bf4
20. g3 Bxe5 21. Nxc5 Bxb2 22. Rab1 Bc3 23. Re3 Bd4 24. Nxa6 Bxe3 25. fxe3
Re8 26. Re1 Rd8 27. Rf1 Rd6 28. Rxf7 Rd1+ 29. Rf1+ Kg7 30. Rxd1 Kh6 31. c4
Kg5 32. c5 Kg4 33. c6 Kf3 34. c7 Ke2 35. c8=Q Kf3 36. Bd5+ Ke2 37. Qg4+ Kxe3
38. Qf3# {Black checkmated} 1-0

[Event "ICC tourney 1924 (15 5)"]
[Site "Internet Chess Club"]
[Date "2020.07.17"]
[Round "7"]
[White "ehkuo"]
[Black "lienegu"]
[Result "0-1"]
[ICCResult "White resigns"]
[WhiteElo "853"]
[BlackElo "1339"]
[Opening "Giuoco Pianissimo: Italian four knights variation"]
[ECO "C50"]
[NIC "IG.02"]
[Time "18:01:55"]
[TimeControl "900+5"]

1. e4 e5 2. Nf3 Nc6 3. Bc4 Bc5 4. Nc3 Nf6 5. d3 O-O 6. Bg5 Be7 7. Bxf6 Bxf6
8. Nd5 Na5 9. Nxf6+ Qxf6 10. Qd2 Nxc4 11. dxc4 d6 12. O-O Bg4 13. h3 Bxf3
14. gxf3 Qxf3 15. Rfe1 Qxh3 16. Re3 Qh4 17. Rg3 Rfe8 18. Kg2 Qxe4+ 19. f3
Qxc4 20. Rh1 Re6 21. Rgh3 h6 22. Rg3 Rf6 23. Rxh6 Rxh6 24. Qxh6 Qe2+ 25. Kg1
Qe1+ 26. Kg2 g6 27. Rh3 Qe2+ 28. Kg3 Qe1+ 29. Kg4 Qg1+ 30. Kh4 Qd4+ 31. Kg3
Qf4+ 32. Qxf4 exf4+ 33. Kxf4 Re8 34. Rh2 Kg7 35. Kg5 f6+ 36. Kg4 f5+ 37. Kg5
Re3 38. f4 Rg3+ 39. Kh4 Rg4+ 40. Kh3 Rxf4 41. Kg3 Re4 42. Kf3 Kf6 43. Rh7
Re7 44. Rxe7 Kxe7 45. Kf4 Ke6 46. c4 c5 47. b3 b6 48. a4 a5 49. Ke3 Ke5 50.
Kd3 g5 51. Ke3 g4 52. Kf2 Kd4 {White resigns} 0-1

[Event "ICC tourney 1924 (15 5)"]
[Site "Internet Chess Club"]
[Date "2020.07.17"]
[Round "7"]
[White "Egkninja"]
[Black "AD2812"]
[Result "1-0"]
[ICCResult "Black checkmated"]
[WhiteElo "1591"]
[BlackElo "1571"]
[Opening "Two knights defense"]
[ECO "C58"]
[NIC "KP.01"]
[Time "18:01:55"]
[TimeControl "900+5"]

1. e4 e5 2. Nf3 Nc6 3. Bc4 Nf6 4. Ng5 d5 5. exd5 Na5 6. Bb5+ Bd7 7. Bxd7+
Nxd7 8. Nf3 c6 9. dxc6 Nxc6 10. Qe2 Bd6 11. O-O O-O 12. Nc3 Re8 13. d3 f5
14. Bg5 Qb6 15. b3 e4 16. dxe4 fxe4 17. Nd2 Nd4 18. Qc4+ Ne6 19. Ndxe4 Kh8
20. Nd5 Qa5 21. Nxd6 Reb8 22. Nf7+ Kg8 23. Nd6 Nxg5 24. Nc7+ Kh8 25. Nxa8
Rxa8 26. Nxb7 Qb6 27. h4 Nf3+ 28. gxf3 Qxb7 29. Qe4 Qb6 30. Rfe1 Qb8 31. Re2
Nf6 32. Qe5 Qf8 33. Rae1 h6 34. Qe7 Qg8 35. Re6 Kh7 36. Rxf6 Kh8 37. Rfe6
Kh7 38. R1e5 Rd8 39. Rh5 Rd1+ 40. Kg2 Qa8 41. Rhxh6+ Kg8 42. Qe8+ Qxe8 43.
Rxe8+ Kf7 44. Rhe6 Rd7 45. Re2 Kg6 46. R8e7 Rxe7 47. Rxe7 Kf6 48. Rxa7 Kg6
49. Rxg7+ Kxg7 50. a4 Kf6 51. a5 Ke6 52. a6 Kd6 53. a7 Kc6 54. a8=Q+ Kb6 55.
h5 Kc7 56. Qa6 Kd7 57. h6 Ke7 58. h7 Kf7 59. h8=Q Ke7 60. Qh7+ Kf8 61. Qa8#
{Black checkmated}
1-0

[Event "ICC tourney 1924 (15 5)"]
[Site "Internet Chess Club"]
[Date "2020.07.17"]
[Round "7"]
[White "BellaBu"]
[Black "unigirl314"]
[Result "0-1"]
[ICCResult "White checkmated"]
[WhiteElo "1327"]
[BlackElo "1366"]
[Opening "King's pawn game"]
[ECO "C21"]
[NIC "KP.10"]
[Time "18:01:55"]
[TimeControl "900+5"]

1. e4 e5 2. d4 Nc6 3. dxe5 Nxe5 4. f4 Ng6 5. Bc4 Bc5 6. Bxf7+ Kxf7 7. Qd5+
Ke8 8. Qxc5 d6 9. Qe3 Qe7 10. Nf3 b6 11. O-O Bb7 12. Nc3 Rd8 13. Bd2 Kd7 14.
Nb5 Ba6 15. c4 Bxb5 16. cxb5 Nf6 17. f5 Ne5 18. Nxe5+ dxe5 19. Rad1 Kc8 20.
Bc3 Rxd1 21. Rxd1 h5 22. Qg3 Nd7 23. a4 h4 24. Qd3 g5 25. fxg6 Rg8 26. a5
Qc5+ 27. Kf1 Rf8+ 28. Ke2 Qf2# {White checkmated} 0-1

[Event "ICC tourney 1924 (15 5)"]
[Site "Internet Chess Club"]
[Date "2020.07.17"]
[Round "7"]
[White "shripat2020"]
[Black "arjunbupeshnath"]
[Result "0-1"]
[ICCResult "White checkmated"]
[WhiteElo "1465"]
[BlackElo "1691"]
[Opening "Scotch gambit"]
[ECO "C44"]
[NIC "SO.06"]
[Time "18:01:55"]
[TimeControl "900+5"]

1. e4 e5 2. Nf3 Nc6 3. d4 exd4 4. Bc4 Bc5 5. Bf4 Nf6 6. e5 Ne4 7. Bd5 Bb4+
8. c3 dxc3 9. bxc3 Nxc3 10. Qd2 Nxd5 11. Qxb4 Ndxb4 12. O-O Nc2 13. Rc1 Nxa1
14. Re1 O-O 15. Rc1 d6 16. exd6 cxd6 17. Nc3 Qf6 18. Nd5 Qb2 19. Re1 Bf5 20.
Bxd6 Rfe8 21. Rxe8+ Rxe8 22. h3 Be4 23. Ng5 Bxd5 24. h4 Qe2 25. Kh2 Qxf2 26.
Bg3 Qxg2# {White checkmated} 0-1

[Event "ICC tourney 1924 (15 5)"]
[Site "Internet Chess Club"]
[Date "2020.07.17"]
[Round "7"]
[White "Siritnt"]
[Black "MatthewBuniskis"]
[Result "1-0"]
[ICCResult "Black checkmated"]
[WhiteElo "1399"]
[BlackElo "1318"]
[Opening "Sicilian"]
[ECO "B54"]
[NIC "SI.01"]
[Time "18:01:55"]
[TimeControl "900+5"]

1. e4 c5 2. Nf3 d6 3. d4 cxd4 4. Nxd4 Nc6 5. Nxc6 bxc6 6. Nc3 e5 7. Be3 Nf6
8. Qd2 d5 9. exd5 cxd5 10. Bg5 d4 11. Ne4 Be7 12. O-O-O Bf5 13. Nxf6+ Bxf6
14. Bxf6 Qxf6 15. Bb5+ Bd7 16. Bxd7+ Kxd7 17. f3 g5 18. Qa5 Rhc8 19. Qd5+
Qd6 20. Qxd6+ Kxd6 21. h4 h6 22. hxg5 hxg5 23. Rh6+ Ke7 24. Rh5 f6 25. Rd3
Rh8 26. Rxh8 Rxh8 27. Rb3 Ke6 28. Rb7 Ra8 29. Kd2 Kf5 30. Ke2 g4 31. fxg4+
Kxg4 32. Rg7+ Kf5 33. Kd3 e4+ 34. Kxd4 Re8 35. Ke3 Ke5 36. Rxa7 f5 37. g3
Rg8 38. Ra5+ Kf6 39. Kf4 Re8 40. Ra6+ Kf7 41. Kxf5 e3 42. Ra7+ Kf8 43. Kf6
e2 44. Rh7 Re6+ 45. Kxe6 e1=Q+ 46. Kf6 Qf2+ 47. Ke6 Qxg3 48. Kf6 Qg2 49.
Rh8+ Qg8 50. Rxg8+ Kxg8 51. Ke7 Kg7 52. c4 Kg6 53. c5 Kf5 54. c6 Ke4 55. c7
Kd5 56. c8=Q Kd4 57. Qc6 Ke5 58. Qd6+ Kf5 59. Qe6+ Kg5 60. Qf6+ Kh5 61. Qg7
Kh4 62. Ke6 Kh3 63. Kf5 Kh4 64. Qg4# {Black checkmated} 1-0

[Event "ICC tourney 1924 (15 5)"]
[Site "Internet Chess Club"]
[Date "2020.07.17"]
[Round "7"]
[White "amqueen"]
[Black "siddham"]
[Result "1-0"]
[ICCResult "Black checkmated"]
[WhiteElo "1247"]
[BlackElo "1206"]
[Opening "Queen's pawn game"]
[ECO "D00"]
[NIC "QP.08"]
[Time "18:01:22"]
[TimeControl "900+5"]

1. d4 d5 2. e3 Bf5 3. Nd2 e6 4. f4 Bd6 5. Ngf3 Nf6 6. Be2 c6 7. O-O Nbd7 8.
Ne5 Bxe5 9. fxe5 Ne4 10. Nf3 O-O 11. Bd3 a6 12. Bd2 b6 13. Be1 c5 14. c3 c4
15. Bc2 a5 16. a4 Qe7 17. Nh4 Qg5 18. Rf4 Rfb8 19. Qf3 g6 20. Bf2 Nd2 21.
Qd1 Bxc2 22. Qxc2 Ne4 23. Qe2 f5 24. exf6 Ndxf6 25. Nf3 Qh6 26. Bh4 Qg7 27.
Ne5 Rf8 28. Raf1 Nd7 29. Nxd7 Rxf4 30. Rxf4 Qxd7 31. Qf3 Qxa4 32. Rf7 Qa1+
33. Qf1 Qxf1+ 34. Rxf1 Rf8 35. h3 Rxf1+ 36. Kxf1 Kg7 37. Bd8 a4 38. Bxb6 h5
39. Ke2 Kf6 40. Kf3 Kg5 41. Bd8+ Kf5 42. g4+ hxg4+ 43. hxg4# {Black
checkmated} 1-0